 Dungeon Crawl Stone Soup version 0.27.1-1-g398f81649c (webtiles) character file.

Game seed: 13467727496052776082

2171 Descartes the Geomancer (level 9, 0/39 HPs)
             Began as a Spriggan Earth Elementalist on Sept 7, 2021.
             Was a Follower of Dithmenos.
             Splashed by an acid dragon's acid (10 damage)
             ... on level 7 of the Dungeon.
             The game lasted 00:24:41 (9496 turns).

Descartes the Geomancer (SpEE)                      Turns: 9496, Time: 00:24:44

Health: 0/39       AC: -1    Str:  7    XL:     9   Next: 11%
Magic:  11/16      EV: 24    Int: 16    God:    Dithmenos [*.....]
Gold:   279        SH:  5    Dex: 16    Spells: 3/16 levels left

rFire    . . .     SeeInvis +   x - +3 quarterstaff (chaos)
rCold    . . .     Faith    .   (shield currently unavailable)
rNeg     . . .     Spirit   .   b - +0 robe
rPois    +         Reflect  +   (helmet restricted)
rElec    .         Harm     .   y - +0 cloak {rPois}
rCorr    .         Rampage  .   (gloves unavailable)
Will     +....                  (boots unavailable)
Stlth    ++++......             F - amulet of reflection
HPRegen  0.13/turn              e - +4 ring of evasion
MPRegen  0.15/turn              (no ring)

@: corroded, wreathed by umbra, very quick
A: very small, no large weapons, unfitting armour, see invisible, speed 3
a: Renounce Religion


You were on level 7 of the Dungeon.
You worshipped Dithmenos.
Dithmenos was aware of your devotion.
You visited 2 branches of the dungeon, and saw 8 of its levels.
You also visited: Ossuary.

You collected 279 gold pieces.

Inventory:

Hand Weapons
 i - a +2 hand axe of electrocution
 p - a +0 hand crossbow
 x - a +3 quarterstaff of chaos (weapon)
 B - a +0 shortbow
 L - a +2 dagger of venom
 M - a +1 dagger of electrocution
 N - a +0 flail of holy wrath
Missiles
 f - 74 bolts
 j - 118 arrows
 m - 18 boomerangs
 z - 64 stones
 O - 19 poisoned darts
Armour
 b - a +0 robe (worn)
 y - a +0 cloak of poison resistance (worn)
Jewellery
 e - a +4 ring of evasion (left hand)
 F - an amulet of reflection (around neck)
 Q - a ring of ice
Wands
 n - a wand of digging (5)
 w - a wand of iceblast (5)
 E - a wand of flame (12)
Scrolls
 a - a scroll of enchant weapon {unknown}
 g - a scroll of teleportation {unknown}
 h - a scroll of silence {unknown}
 q - a scroll of fog
 r - a scroll of fear {unknown}
 s - a scroll of enchant armour
 t - 2 scrolls of vulnerability {unknown}
 v - 3 scrolls of blinking
 C - a scroll of noise {unknown}
 G - 2 scrolls of magic mapping
 J - a scroll of acquirement {unknown}
 K - a scroll of immolation {unknown}
 P - a scroll of amnesia {unknown}
Potions
 c - 5 potions of lignification
 d - 3 potions of heal wounds {unknown}
 k - 3 potions of cancellation {unknown}
 l - a potion of invisibility {unknown}
 o - 3 potions of curing {unknown}
 u - 3 potions of brilliance
 A - a potion of flight {unknown}
 D - a potion of magic {unknown}
 H - a potion of haste {unknown}
 I - a potion of ambrosia {unknown}


   Skills:
 - Level 3.0 Bows
 + Level 6.3 Dodging
 + Level 6.7 Stealth
 - Level 4.0 Spellcasting
 - Level 2.0 Transmutations
 + Level 9.4 Earth Magic


You had 3 spell levels left.
You knew the following spells:

 Your Spells              Type           Power      Damage    Failure   Level
a - Sandblast             Erth           66%        2d15      1%          1
b - Stone Arrow           Conj/Erth      36%        3d9       8%          3
c - Petrify               Tmut/Erth      21%        N/A       16%         4
d - Teleport Other        Tloc           3%         N/A       45%         3
e - Passwall              Tmut/Erth      17%        N/A       2%          2

Your spell library contained the following spells:

 Spells                   Type           Power      Damage    Failure   Level
 Gell's Gravitas          Tloc           1%         N/A       45%         3
 Lesser Beckoning         Tloc           1%         N/A       45%         3


Dungeon Overview and Level Annotations

Branches:
Dungeon (7/15)             Temple (1/1) D:6         Ossuary (visited)

Altars:
Ashenzari
Cheibriados
Dithmenos
Elyvilon
Fedhas
Hepliaklqana
Kikubaaqudgha
Makhleb
Nemelex Xobeh
Okawaru
Qazlal
Ru
Trog
Uskayaw
Vehumet
Wu Jian
Xom
Yredelemnul
The Shining One


Innate Abilities, Weirdness & Mutations

You are very small and have problems with some larger weapons.
You are too small for most types of armour.
You have supernaturally acute eyesight. (SInv)
You cover ground extremely quickly. (Speed+++)


Message History

The blast of sand hits the ice beast but does no damage.
The ice beast is moderately wounded.
You hit the ice beast.
The ice beast is moderately wounded.
The ice beast misses you.
You hit the ice beast.
The ice beast is heavily wounded.
The ice beast closely misses you. x2
You hit the ice beast.
The ice beast evaporates and reforms as an acid dragon!
The acid dragon is moderately wounded.
The acid dragon barely misses you. The acid dragon completely misses you.
You barely miss the acid dragon.
The acid dragon is moderately wounded.
The acid dragon spits acid at you. The splash of acid hits you!
You are splashed with acid!
You hit the acid dragon.
You feel better.
The acid dragon is heavily wounded.
The acid dragon completely misses you. You block the acid dragon's attack.
Your magical contamination has completely faded away.
You hit the acid dragon.
The acid dragon suddenly seems more agile.
The acid dragon is heavily wounded.
The acid dragon bites you but does no damage.
The acid dragon barely misses you. x2; You block the acid dragon's attack.
You closely miss the acid dragon.
The acid dragon is heavily wounded.
A white imp comes into view.
The acid dragon closely misses you. The acid dragon completely misses you.
The white imp shouts!
You hit the acid dragon.
The acid dragon is severely wounded.
The acid dragon completely misses you. The acid dragon misses you.
You hit the acid dragon. You freeze the acid dragon.
The acid dragon is almost dead.
The acid dragon spits acid at you. The splash of acid hits you!
* * * LOW HITPOINT WARNING * * *
The acid corrodes you!
You are splashed with acid!
You die...

##. #..# #..# #..# #..#
##..# ###D.# .# ##..@#
..##########...##
##.#..........## #####
##........5....# #...##
..o............#####....##
...[.............##......##
..........................#
..o.......................#
...........[[..<..........#


You could see an acid dragon (agile, catching breath) and a white imp.

Vanquished Creatures
  A troll (D:6)
  Menkaure (D:6)
  4 ogres
  A necrophage (D:5)
  A centaur (D:5)
  A phantom (D:6)
  A scorpion (D:6)
  A wyvern zombie (D:6)
  6 water moccasin zombies
  A howler monkey (D:5)
  2 bullfrog zombies
  A hound (D:4)
  3 jellies
  5 orc priests
  A centaur skeleton (D:7)
  Crazy Yiuf (D:4)
  An iguana (D:5)
  4 orc wizards
  A killer bee zombie (D:6)
  2 mummies (Ossuary)
  A hound skeleton (D:5)
  5 adders
  5 adder zombies (Ossuary)
  3 dart slugs
  21 orcs
  8 endoplasms
  A giant cockroach (D:1)
  2 gnoll zombies (Ossuary)
  2 goblins
  5 hobgoblins
  3 jackals
  10 kobolds
  A quokka (D:1)
  4 ball pythons
  5 bats
  4 hobgoblin zombies (Ossuary)
  7 kobold zombies (Ossuary)
  5 orc zombies (Ossuary)
  9 rats
140 creatures vanquished.

Vanquished Creatures (others)
  8 fungi
  8 plants (D:2)
16 creatures vanquished.

Grand Total: 156 creatures vanquished

Notes
Turn   | Place    | Note
-------+----------+-------------------------------------------
     0 | D:1      | Descartes the Spriggan Earth Elementalist began the quest
                  | for the Orb.
     0 | D:1      | Reached XP level 1. HP: 9/9 MP: 5/5
   305 | D:1      | Reached skill level 3 in Earth Magic
   305 | D:1      | Reached XP level 2. HP: 13/13 MP: 2/7
  1032 | D:2      | Reached XP level 3. HP: 16/16 MP: 6/9
  1614 | D:2      | Found a faded altar of an unknown god.
  1847 | D:3      | Reached XP level 4. HP: 15/21 MP: 8/11
  2455 | D:4      | You fall into a shaft and drop 1 floor!
  2455 | D:5      | Entered Level 5 of the Dungeon
  3036 | D:4      | Reached XP level 5. HP: 24/24 MP: 8/12
  3278 | D:4      | Reached skill level 4 in Earth Magic
  3560 | D:4      | Found a runed translucent door.
  3561 | D:4      | Noticed Crazy Yiuf
  3570 | D:4      | Killed Crazy Yiuf
  3571 | D:4      | Reached skill level 5 in Stealth
  4560 | D:4      | Reached XP level 6. HP: 3/28 MP: 13/13
  4970 | D:5      | Reached skill level 5 in Dodging
  4973 | D:5      | Reached skill level 5 in Earth Magic
  5211 | D:5      | Reached skill level 1 in Bows
  5211 | D:5      | Reached XP level 7. HP: 18/32 MP: 14/14
  6081 | D:6      | Learned a level 3 spell: Stone Arrow
  6095 | D:6      | Reached skill level 6 in Earth Magic
  6165 | D:6      | Found a sand-covered staircase.
  6169 | Ossuary  | Entered an ossuary
  6631 | Ossuary  | Reached skill level 7 in Earth Magic
  6632 | Ossuary  | Reached XP level 8. HP: 16/36 MP: 15/15
  7016 | D:6      | Found an ancient bone altar of Kikubaaqudgha.
  7052 | D:6      | Found a staircase to the Ecumenical Temple.
  7078 | Temple   | Entered the Ecumenical Temple
  7194 | Temple   | Became a worshipper of Dithmenos the Shadowed
  7367 | D:6      | Reached skill level 8 in Earth Magic
  7428 | D:6      | Noticed a troll
  7678 | D:6      | Killed a troll
  7898 | D:6      | Learned a level 4 spell: Petrify
  8078 | D:6      | Noticed Menkaure
  8090 | D:6      | Killed Menkaure
  8091 | D:6      | Reached skill level 9 in Earth Magic
  8322 | D:6      | Learned a level 3 spell: Teleport Other
  9147 | D:6      | Learned a level 2 spell: Passwall
  9196 | D:6      | Reached XP level 9. HP: 39/39 MP: 16/16
  9341 | D:7      | Reached * piety under Dithmenos
  9496 | D:7      | Splashed by an acid dragon's acid

Illustrated notes

Levels and vault maps discovered:
D:1:      dpeg_arrival_ratfight, layout_basic, ebering_dispersal_statue_hall
D:2:      layout_basic, shapermc_ecumenical_altar_mp_urbaneastern
D:3:      layout_rooms
D:4:      layout_basic, uniq_crazy_yiuf_cottage
D:5:      layout_basic, grunt_decor_arrowhead
D:6:      layout_basic, lemuel_doored_altar, minmay_temple_entry_nine_rooms,
          nicolae_ossuary_entry_plus, kennysheep_generic_room_6, uniq_menkaure
D:7:      layout_cave_pods, serial_shops, nicolae_shop_crystal
Temple:   regret_index_temple_mists

Skill      XL: |  1  2  3  4  5  6  7  8 |
---------------+-------------------------+-----
Spellcasting   | 3 4 |  4.0
Earth Magic    | 3 4 5 7 9 |  9.4
Dodging        | 3 4 5 6 |  6.3
Stealth        | 4 5 6 |  6.7
Transmutations | 2 |  2.0
Bows           | 1 3 |  3.0

Action                   |  1- 3 |  4- 6 |  7- 9 || total
-------------------------+-------+-------+-------++-------
Melee: Hand axe          |    17 |    57 |   124 ||   198
       Quarterstaff      |       |       |    84 ||    84
 Fire: Hand crossbow     |       |    47 |    27 ||    74
       Shortbow          |       |     8 |    48 ||    56
 Cast: Sandblast         |    63 |    18 |     5 ||    86
       Stone Arrow       |       |       |    15 ||    15
  Use: Scroll            |       |       |     6 ||     6
       Potion            |       |       |     1 ||     1
 Stab: Sleeping          |       |     2 |     6 ||     8
       Petrified         |       |       |     6 ||     6
       Petrifying        |       |       |     2 ||     2
Armor: Robe              |     1 |     7 |    16 ||    24
Dodge: Dodged            |    22 |    91 |   188 ||   301
Block: Other             |       |       |    53 ||    53
